 Dungeon Sprint DCSS version 0.22.1-1-ga44c0e56f4 (webtiles) character file.

5677 Freyura the Fighter (level 10, -2/119 HPs)
             Began as an Ogre Monk on Oct 9, 2018.
             Was the Champion of Qazlal.
             Slain by a deep elf knight
             ... wielding the +4 scimitar of Kunulalu {freeze, Int+2}
              (14 damage)
             ... in the Dungeon (Sprint V: "Ziggurat Sprint").
             The game lasted 00:13:17 (890 turns).

Freyura the Fighter (Ogre Monk)                      Turns: 890, Time: 00:13:17

Health: -2/119     AC: 20    Str: 18 (20) XL:     10   Next: 75%
Magic:  26/26      EV:  4    Int: 16      God:    Qazlal [******]
Gold:   0          SH:  8    Dex: 14 (15) Spells: 9/9 levels left

rFire    + + .     SeeInvis .   y - +9 giant spiked club (freeze)
rCold    + . .     Gourm    .   (shield currently unavailable)
rNeg     + . .     Faith    .   a - +5 gold dragon scales
rPois    +         Spirit   .   (helmet restricted)
rElec    .         Reflect  .   (no cloak)
rCorr    .         Harm     .   (gloves unavailable)
MR       +....     NoTele   +   (boots unavailable)
Stlth    ..........             F - amulet of Celef {Regen+ Int+5 Dex+3}
HPRegen  0.69/turn              C - +6 ring of strength
MPRegen  0.20/turn              G - ring "Yselirec" {rF+ rN+ MP+9 Str-3 Dex+2}

@: marked, protected from physical damage, repel missiles
A: large, unfitting armour, clumsy 2, deformed body, deterioration 2, tough skin
1
a: Upheaval, Elemental Force, Disaster Area, Renounce Religion


You were in the Dungeon.
You worshipped Qazlal.
Qazlal was exalted by your worship.
You were not hungry.

You visited 1 branch

Inventory:

Hand Weapons
 b - the +10 dark maul {crush}
   (You found it in the Dungeon)

   It inflicts extra damage upon your enemies.
 y - a +9 giant spiked club of freezing (weapon)
Armour
 a - +5 gold dragon scales (worn)
Jewellery
 m - a +6 ring of dexterity
 z - a +6 ring of dexterity
 A - a +6 ring of intelligence
 B - a +6 ring of intelligence
 C - a +6 ring of strength (left hand)
 D - a +6 ring of strength
 E - the cursed ring "Zimyath" {MR++ Int-3}
   (You found it in the Dungeon)

   [ring of intelligence]

   It affects your intelligence (-3).
   It affects your resistance to hostile enchantments.
   It has a curse placed upon it.
 F - the amulet of Celef (around neck) {Regen+ Int+5 Dex+3}
   (You found it in the Dungeon)

   [amulet of regeneration]

   It affects your intelligence (+5).
   It affects your dexterity (+3).
   It increases your rate of regeneration.
 G - the ring "Yselirec" (right hand) {rF+ rN+ MP+9 Str-3 Dex+2}
   (You found it in the Dungeon)

   [ring of protection from fire]

   It affects your strength (-3).
   It affects your dexterity (+2).
   It protects you from fire.
   It protects you from negative energy.
   It affects your magic capacity (+9).
 I - the ring of the Final Chapter {+Inv rN+ Dex-2 SInv}
   (You found it in the Dungeon)

   [ring of see invisible]

   It affects your dexterity (-2).
   It protects you from negative energy.
   It lets you see invisible.
   It lets you turn invisible.
 J - the ring of the Heavens {*Corrode rF+ Int+2 Dex+6}
   (You found it in the Dungeon)

   [ring of intelligence]

   It affects your intelligence (+2).
   It affects your dexterity (+6).
   It protects you from fire.
   It may corrode you when you take damage.
Wands
 v - a wand of disintegration (7)
 w - a wand of iceblast (7)
 x - a wand of acid (7)
Scrolls
 i - 4 scrolls of blinking
 p - 4 scrolls of amnesia
 q - 7 scrolls of fog
 s - 5 scrolls of identify
 t - 5 scrolls of remove curse
 u - 2 scrolls of fear
Potions
 d - 10 potions of curing
 e - 8 potions of heal wounds
 f - 6 potions of haste
 g - 7 potions of magic
 h - 3 potions of berserk rage
 j - 2 potions of brilliance
 k - 2 potions of invisibility
 l - 4 potions of resistance
 n - 5 potions of agility
 o - 5 potions of might
Comestibles
 c - 7 rations


   Skills:
 + Level 13.1 Fighting
 + Level 9.8 Maces & Flails
 + Level 10.5 Armour
 + Level 9.7 Dodging
 - Level 1.4 Stealth
 + Level 10.5 Invocations
 + Level 8.3 Evocations


You had 9 spell levels left.
You didn't know any spells.
Your spell library was empty.

Dungeon Overview and Level Annotations

Branches:
Dungeon (1/1)

Altars:
Ashenzari
Cheibriados
Dithmenos
Elyvilon
Fedhas
Gozag
Hepliaklqana
Kikubaaqudgha
Makhleb
Nemelex Xobeh
Okawaru
Qazlal
Ru
Sif Muna
Trog
Uskayaw
Vehumet
Wu Jian
Xom
Yredelemnul
Zin
The Shining One
Beogh
Jiyva
Lugonu

Annotations:
D 1 transporter


Innate Abilities, Weirdness & Mutations

You are too large for most types of armour.
You have tough skin. (AC +1)
You are very clumsy. (Dex -4)
Armour fits poorly on your strangely shaped body.
Your body often deteriorates upon taking damage.


Message History

You block the vault guard's attack. Something hits you!
You feel more protected from physical attacks.
Something freezes you.
The orc knight hits you but does no damage.
The yaktaur captain shoots a bolt.
The bolt is repelled.
You closely miss the orc knight.
The orc knight is moderately wounded.
You block something's attack.
The vault guard hits you from afar with a glaive of protection!
* * * LOW HITPOINT WARNING * * *
The orc knight barely misses you. Something hits you.
* * * LOW HITPOINT WARNING * * *
Something freezes you.
* * * LOW HITPOINT WARNING * * *
The yaktaur wields an arbalest.
The yaktaur shoots a bolt.
The bolt hits you!
* * * LOW HITPOINT WARNING * * *
Your body deteriorates!
You feel weakened.
As you read the scroll of holy word, it crumbles to dust.
You speak a Word of immense power!
Something hits you!
You die...

▓...8©8...▓..8©8..▓
▓..}.:)=..▓..}":..▓
▓...)[[...▓..[.|..▓
▓.........▓.......▓
▓.........▓.......▓
▓........c▓.......▓
▓.......cp▓.......▓
▓.▓....p▓.▓.▓.†.▓.▓
▓....©cpo@▓..†©...▓
▓▓▓▓▓▓▓▓▓▓▓▓▓▓▓▓▓▓▓


You could see a yaktaur captain, 2 vault guards, an orc knight, a vault sentinel
and 2 yaktaurs.

Vanquished Creatures
  A black draconian (D)
  A mummy priest (D)
  5 draconians (D)
  2 shining eyes (D)
  A komodo dragon (D)
  A slime creature (D)
  A golden eye (D)
  A porcupine (D)
  2 necrophages (D)
  A crocodile (D)
  A bullfrog (D)
  3 crimson imps (D)
  A quasit (D)
  An iron imp (D)
  3 jellies (D)
  2 mummies (D)
  A river rat (D)
  2 adders (D)
  3 ufetubi (D)
  An adder zombie (D)
  A jackal (D)
  A jackal zombie (D)
  A quokka zombie (D)
37 creatures vanquished.

Notes
Turn   | Place    | Note
-------+----------+-------------------------------------------
     0 | D        | Found the +6 Majin-Bo {vamp, Archmagi MP+6 Int+6}
     0 | D        | Found the +7 great mace "Firestarter" {inner flame, rF++}
     0 | D        | Freyura the Ogre Monk began the quest for the Orb.
     0 | D        | Reached XP level 1. HP: 24/24 MP: 1/1
     0 | D        | Found a deep blue altar of Sif Muna.
     0 | D        | Found a sacrificial altar of Ru.
     0 | D        | Found a bloodstained altar of Trog.
     0 | D        | Found a stormy altar of Qazlal.
     0 | D        | Found an iron altar of Okawaru.
     0 | D        | Found a sparkling altar of Nemelex Xobeh.
     0 | D        | Found a blossoming altar of Fedhas.
     2 | D        | Found a transporter.
     2 | D        | Found an ancient bone altar of Kikubaaqudgha.
     2 | D        | Found a viscous altar of Jiyva.
     2 | D        | Found a corrupted altar of Lugonu.
     2 | D        | Found a hazy altar of Hepliaklqana.
     2 | D        | Found a burning altar of Makhleb.
     2 | D        | Found an opulent altar of Gozag.
    14 | D        | Became a worshipper of Qazlal Stormbringer
    14 | D        | Reached * piety under Qazlal
    14 | D        | Reached ** piety under Qazlal
    50 | D        | Found the +6 shillelagh "Devastator" {shatter}
    50 | D        | Found the +11 plutonium sword {*Contam Stlth-}
    50 | D        | Found the +8 lance "Wyrmbane" {slay drac, rPois rF+ rC+
                  | AC+3}
    50 | D        | Found the +9 sword of Zonguldrok {reap}
    50 | D        | Found the cursed +13 scythe of Curses {drain, *Curse}
    50 | D        | Found the +0 sword of Power
    50 | D        | Found the +7 mace of Variability {chain chaos}
    50 | D        | Found the +7 Singing Sword
    50 | D        | Found the +7 longbow "Piercer" {penet, EV-2}
    51 | D        | Found the +9 heavy crossbow "Sniper" {velocity, Acc+∞ SInv}
    51 | D        | Found the +10 dark maul {crush}
    51 | D        | Found the +15 Maxwell's patent armour {-Cast -Tele rElec
                  | MR+ rCorr}
    51 | D        | Found the +18 shield of the Gong {rElec rN+ MR+ EV-5}
    51 | D        | Found the cursed +14 obsidian axe {chop, +Fly SInv *Curse}
    61 | D        | Reached XP level 2. HP: 32/32 MP: 2/2
    82 | D        | Entered arena 2.
    82 | D        | Found a transporter.
    98 | D        | Reached skill level 1 in Invocations
    98 | D        | Reached XP level 3. HP: 39/40 MP: 3/3
   104 | D        | Entered arena 3.
   104 | D        | Found a transporter.
   107 | D        | Reached skill level 5 in Fighting
   107 | D        | Reached skill level 1 in Evocations
   107 | D        | Reached XP level 4. HP: 50/50 MP: 3/5
   112 | D        | Reached *** piety under Qazlal
   150 | D        | Entered arena 4.
   150 | D        | Noticed a mummy priest
   150 | D        | Found a transporter.
   161 | D        | Killed a mummy priest
   161 | D        | Reached **** piety under Qazlal
   161 | D        | Reached skill level 9 in Fighting
   161 | D        | Reached skill level 5 in Evocations
   161 | D        | Reached XP level 5. HP: 24/67 MP: 6/10
   161 | D        | Reached XP level 6. HP: 27/75 MP: 6/11
   161 | D        | Reached XP level 7. HP: 30/83 MP: 6/12
   161 | D        | Reached XP level 8. HP: 33/92 MP: 6/13
   161 | D        | Noticed a soul eater
   166 | D        | HP: 3/92 [soul eater/drain life[a mummy priest's death
                  | curse] (12)]
   438 | D        | Entered arena 5.
   438 | D        | Found a transporter.
   442 | D        | Reached ***** piety under Qazlal
   448 | D        | Got the cursed ring "Zimyath" {MR++ Int-3}
   451 | D        | Entered arena 6.
   451 | D        | Found a transporter.
   527 | D        | Entered arena 7.
   527 | D        | Noticed a draconian
   527 | D        | Noticed a draconian
   527 | D        | Noticed a draconian
   527 | D        | Noticed a draconian
   527 | D        | Noticed a draconian
   527 | D        | Noticed a black draconian
   528 | D        | Found a transporter.
   537 | D        | Killed a black draconian
   537 | D        | Reached skill level 10 in Fighting
   537 | D        | Reached XP level 9. HP: 56/102 MP: 13/15
   538 | D        | Killed a draconian
   538 | D        | Reached skill level 11 in Fighting
   541 | D        | Killed a draconian
   541 | D        | Reached ****** piety under Qazlal
   546 | D        | Killed a draconian
   547 | D        | Killed a draconian
   547 | D        | Reached skill level 12 in Fighting
   547 | D        | Reached XP level 10. HP: 50/115 MP: 14/17
   548 | D        | Killed a draconian
   548 | D        | Reached skill level 10 in Armour
   553 | D        | Got the amulet of Celef {Regen+ Int+5 Dex+3}
   771 | D        | Entered arena 8.
   777 | D        | Reached skill level 10 in Invocations
   782 | D        | Found a transporter.
   788 | D        | Got the ring "Yselirec" {rF+ rN+ MP+9 Str-3 Dex+2}
   840 | D        | Entered arena 9.
   840 | D        | Noticed a shining eye
   840 | D        | Noticed a shining eye
   841 | D        | Found a transporter.
   843 | D        | Gained mutation: You are clumsy. (Dex -2) [a shining eye]
   848 | D        | Gained mutation: Your body sometimes deteriorates upon
                  | taking damage. [a shining eye]
   851 | D        | Gained mutation: Your body often deteriorates upon taking
                  | damage. [a shining eye]
   852 | D        | Gained mutation: You are very clumsy. (Dex -4) [a shining
                  | eye]
   854 | D        | Gained mutation: Armour fits poorly on your strangely
                  | shaped body. [a shining eye]
   857 | D        | Killed a shining eye
   857 | D        | Killed a shining eye
   857 | D        | Reached skill level 13 in Fighting
   867 | D        | Got the ring of the Final Chapter {+Inv rN+ Dex-2 SInv}
   869 | D        | Got the ring of the Heavens {*Corrode rF+ Int+2 Dex+6}
   881 | D        | Entered arena 10.
   881 | D        | Noticed a vault guard
   881 | D        | Noticed a deep elf knight
   881 | D        | Noticed a yaktaur captain
   881 | D        | Noticed a vault guard
   881 | D        | Noticed an orc knight
   881 | D        | Noticed a vault sentinel
   882 | D        | Found a transporter.
   890 | D        | Identified the +4 scimitar of Kunulalu {freeze, Int+2}
   890 | D        | Slain by a deep elf knight

Skill      XL: |  1  2  3  4  5  6  7  8  9 10 |
---------------+-------------------------------+-----
Armour         | 6 8 9 10 | 10.5
Dodging        | 3 6 7 8 9 |  9.7
Invocations    | 1 2 6 8 9 10 | 10.5
Fighting       | 5 9 10 12 13 | 13.1
Maces & Flails | 3 6 8 9 |  9.8
Evocations     | 1 5 6 7 8 |  8.3
Stealth        | |  1.4

Action                   |  1- 3 |  4- 6 |  7- 9 | 10-12 || total
-------------------------+-------+-------+-------+-------++-------
Melee: Giant spiked club |    17 |    15 |    47 |    23 ||   102
  Use: Potion            |     1 |       |     2 |       ||     3
       Scroll            |       |       |     1 |     5 ||     6
Armor: Gold dragon scale |    34 |    38 |    86 |    22 ||   180
Dodge: Dodged            |     3 |     9 |    34 |    12 ||    58
       Deflected         |       |       |       |     2 ||     2
Block: Other             |     4 |     6 |    30 |    10 ||    50
